 Dungeon Crawl Stone Soup version 0.28.0-43-g3370ac3207 (webtiles) character file.

Game seed: 16534495069261316906

48 rel the Skirmisher (level 3, -5/33 HPs)
             Began as a Ghoul Monk on Mar 11, 2022.
             Slain by a worm (6 damage)
             ... on level 2 of the Dungeon.
             The game lasted 00:04:37 (2304 turns).

rel the Skirmisher (Ghoul Monk)                     Turns: 2304, Time: 00:04:38

Health: -5/33      AC:  6    Str: 14    XL:     3   Next: 72%
Magic:  2/2        EV:  9    Int:  7    God:
Gold:   87         SH:  0    Dex: 11    Spells: 2/2 levels left

rFire   . . .      SeeInvis .   a - +0 short sword
rCold   + . .      Faith    .   (no shield)
rNeg    + + +      Spirit   .   e - +0 scale mail
rPois   ∞          Reflect  .   (no helmet)
rElec   .          Harm     .   (no cloak)
rCorr   .          Rampage  .   (no gloves)
Will    .....                   (no boots)
Stlth   +.........              (no amulet)
HPRegen 0.00/turn               (no ring)
MPRegen 0.08/turn               (no ring)

@: inhibited regen
A: claws 1, cold resistance 1, negative energy resistance 3, inhibited
regeneration, torment resistance 2
a: no special abilities


You were on level 2 of the Dungeon.
You visited 1 branch of the dungeon, and saw 2 of its levels.

You collected 87 gold pieces.

Inventory:

Hand Weapons
 a - a +0 short sword (weapon)
Armour
 e - a +0 scale mail (worn)
Jewellery
 f - an amulet of regeneration
Scrolls
 b - 2 scrolls of identify
 c - a scroll of magic mapping {unknown}
 g - a scroll of blinking
Potions
 h - a potion of brilliance {unknown}


   Skills:
 + Level 4.0 Fighting
 + Level 3.3 Short Blades
 + Level 0.4 Armour
 + Level 2.9 Dodging
 + Level 2.3 Stealth


You had 2 spell levels left.
You didn't know any spells.
Your spell library was empty.

Dungeon Overview and Level Annotations

Branches:
Dungeon (2/15)

Altars:


Innate Abilities, Weirdness & Mutations

You thrive by killing the living.
You are immune to poison.
You have sharp fingernails.
Your flesh is cold resistant. (rC+)
You are immune to negative energy. (rN+++)
You do not regenerate when monsters are visible.
You are immune to unholy pain and torment.


Message History

You hit the worm but do no damage. You completely miss the worm.
The worm bites you!
You hit the worm.
The worm is moderately wounded.
You hit the worm.
The worm is moderately wounded.
The worm bites you!
Okay, then.
It was a potion of curing.
You feel better.
You hit the worm.
The worm is moderately wounded.
You hit the worm.
The worm is heavily wounded.
The worm bites you.
You hit the worm.
The worm is heavily wounded.
The worm bites you.
You hit the worm but do no damage.
The worm is heavily wounded.
You barely miss the worm.
The worm is heavily wounded.
The worm bites you!
You hit the worm.
The worm is heavily wounded.
You hit the worm.
The worm is severely wounded.
The worm bites you!
* * * LOW HITPOINT WARNING * * *
You barely miss the worm.
The worm is heavily wounded.
You hit the worm.
The worm is severely wounded.
The worm bites you.
* * * LOW HITPOINT WARNING * * *
You hit the worm.
The worm is severely wounded.
You hit the worm.
The worm is severely wounded.
The worm bites you.
You die...

######....>................#...
#######.#########.....#... #.#
#######.##... #.# .........#...
#######.## .#####.#.#...
.........# #.#..##. .........#
#.##.### .........### #.##..#.
...####..@.# #.#.....#)
........#w## #......<..
.....####.# #######..) ... ...
........ ## ..... ....###.
......# ..... #. #......# ....
#. P......# .... ## .#......#
... #


You could see a worm.

Vanquished Creatures
  An adder (D:2)
  2 worms (D:2)
  3 dart slugs
  3 endoplasms
  2 goblins (D:2)
  2 hobgoblins (D:2)
  2 kobolds (D:2)
  2 quokkas (D:1)
  3 ball pythons
  3 bats (D:1)
  4 frilled lizards
  2 rats (D:1)
29 creatures vanquished.

Notes
Turn   | Place    | Note
-------+----------+-------------------------------------------
     0 | D:1      | rel the Ghoul Monk began the quest for the Orb.
     0 | D:1      | Reached XP level 1. HP: 19/19 MP: 0/0
   461 | D:1      | Reached XP level 2. HP: 26/26 MP: 1/1
  1157 | D:2      | Reached XP level 3. HP: 12/33 MP: 2/2
  1659 | D:2      | Reached skill level 4 in Fighting
  2302 | D:2      | HP: 1/33 [worm (3)]
  2304 | D:2      | Slain by a worm

Illustrated notes

Levels and vault maps discovered:
D:1:      eino_arrival_water_star, layout_loops_corners
D:2:      layout_basic, shapermc_ecumenical_altar_mp_urbaneastern, minivault_24

Skill      XL: |  1  2  3 |
---------------+----------+-----
Short Blades   | 3 |  3.3
Fighting       | 4 |  4.0
Armour         | |  0.4
Dodging        | |  2.9
Stealth        | |  2.3

Action                   || total
-------------------------++-------
Melee: Short sword       ||   140
       Punch             ||     1
  Use: Scroll            ||     3
       Potion            ||     1
 Stab: Sleeping          ||     1
Armor: Robe              ||     2
       Scale mail        ||    25
       Leather armour    ||     1
Dodge: Dodged            ||    52
